cohdb
Replays
Latest Replays
All Replays
Popular Replays
Top Player Replays
Match Explorer
How It Works
Community
CoH3 Stats
Reddit
Sign in to upload your games and track your stats! →
Sign in with Steam
Match 45851808
Unlisted
Match 45851808
Overview
Messages
Build Orders
End
Pioneer Squad
Construct Infanterie Kompanie
Selects Breakthrough Battlegroup
Grenadier Squad
Selects Assault Grenadiers
Grenadier Squad
Grenadier Squad
Infanterie Officer Quarters
Selects Rapid Production
Construct Panzergrenadier Kompanie
Medical Station
Panzergrenadier Squad
Panzergrenadier Squad
Panzergrenadier Officer Quarters
Selects Blitzkrieg
Construct Panzer Kompanie
Sturmpanzer IV Brummbär
Pioneer Squad
Pioneer Squad
Selects Tiger Heavy Tank
Tiger Heavy Tank
Blitzkrieg
Panzer Officer Quarters
Blitzkrieg
Selects Breakthrough
CAuMOH
K̳itsuné
Callsign: "Clowndog Zulu"
PAX AJAX
0
0
Comments
sign in to comment!
No comments posted yet!